[Event "*** Titled Tuesday Blitz"]
[Site "Chess.com"]
[Date "2018.08.07"]
[Round "2"]
[White "krzyzan94"]
[Black "gkchesstiger"]
[Result "1-0"]
[WhiteElo "2627"]
[BlackElo "2767"]
[TimeControl "180+2"]
[EndTime "13:20:21 PDT"]
[Termination "krzyzan94 won by resignation"]

1. Nf3 Nf6 2. g3 d5 3. Bg2 c6 4. b3 Bf5 5. Bb2 e6 6. d3 h6 7. Nbd2 a5 8. c4 Be7 9. O-O O-O 10. Ne5 Bh7 11. f4 Qb6+ 12. Kh1 a4 13. Ndf3 Nbd7 14.
g4 Nxe5 15. Nxe5 axb3 16. Qxb3 Qxb3 17. axb3 Rfd8 18. g5 Ne8 19. Bh3 Rxa1 20. Bxa1 Bf5 21. Bxf5 exf5 22. gxh6 gxh6 23. Nf3 Kh7 24. Nd4 Ng7 25. Nf3 Ne6 26. Be5 f6 27. Ba1 d4 28.
Nh4 Ng7 29. Rg1 Bb4 30. Bxd4 Rxd4 31. Rxg7+ Kxg7 32. Nxf5+ Kg6 33. Nxd4 Bd2 34. f5+ Kg5 35. Nf3+ Kxf5 36. Nxd2 Kf4 37. Nf1 1-0

[Event "*** Titled Tuesday Blitz"]
[Site "Chess.com"]
[Date "2018.08.07"]
[Round "2"]
[White "AquivaRubinstein"]
[Black "Litti"]
[Result "0-1"]
[WhiteElo "2391"]
[BlackElo "2468"]
[TimeControl "180+2"]
[EndTime "13:20:25 PDT"]
[Termination "Litti won by resignation"]

1. d4 Nf6 2. c4 e6 3. Nf3 b6 4.
a3 Ba6 5. Nc3 Bxc4 6. g3 c6 7.
Bg2 d5 8. O-O Be7 9. Ne5 Ba6 10.
Qa4 Bb7 11. Bf4 O-O 12. Rac1 c5 13. Rfd1 Qe8 14. Qc2 Nc6 15. Nb5 Nxd4 16. Nxd4 cxd4 17. Qc7 Ba6 18. Nc6 Bc5 19. b4 Rc8 20. Qxa7 Bxe2 21. bxc5 Rxc6 22. Rxd4 bxc5 23. Rd2 Ba6 24. Rxc5 Rxc5 25.
Qxc5 Qc8 26. Qb6 Qc1+ 0-1

[Event "*** Titled Tuesday Blitz"]
[Site "Chess.com"]
[Date "2018.08.07"]
[Round "2"]
[White "Parhamov"]
[Black "Perecke"]
[Result "1-0"]
[WhiteElo "2751"]
[BlackElo "1910"]
[TimeControl "180+2"]
[EndTime "13:20:25 PDT"]
[Termination "Parhamov won by resignation"]

1. f4 d5 2. Nf3 Nc6 3. d4 Bf5 4. a3 Nf6 5. e3 e6 6. c4 Be7 7. Nc3 O-O 8. Be2 Ne4 9. O-O f6 10. Bd2 Qd7 11. b4 a6 12. Rc1 Rad8 13. Be1 Kh8 14.
h3 e5 15. dxe5 fxe5 16. Nxd5 exf4 17. exf4 Bd6 18. Bd3 Ne7 19. Nd4 c6 20. Nxf5 Qxf5 21. Nxe7 Bxe7 22. Qe2 Ng3 23. Bxg3 Qxd3 24. Qxe7 Qxg3 25.
Rf3 Qg6 26. Kh2 Rfe8 27. Qxb7 Qf6 28. Qxa6 Re2 29. Rg1 h6 30. b5 Rdd2 31. Qxc6 Rd6 32. Qc5 Rdd2 33. Qc8+ Kh7 34. Qg4 Qb2 35. f5 1-0

[Event "*** Titled Tuesday Blitz"]
[Site "Chess.com"]
[Date "2018.08.07"]
[Round "2"]
[White "inegrepus"]
[Black "DACF2905"]
[Result "0-1"]
[WhiteElo "2193"]
[BlackElo "2122"]
[TimeControl "180+2"]
[EndTime "13:20:25 PDT"]
[Termination "DACF2905 won by resignation"]

1. d4 Nf6 2. c4 e6 3. Nc3 Bb4 4. e3 b6 5. Ne2 O-O 6. a3 Bxc3+ 7. Nxc3 Bb7 8. d5 exd5 9. cxd5 d6 10. e4 Ba6 11. Bxa6 Nxa6 12. O-O Re8 13. f3 Nc5 14. b4 Ncd7 15. Bg5 h6 16. Bh4 g5 17. Bg3 Nh5 18. f4 Nxg3 19. hxg3 Nf6 20. fxg5 hxg5 21. Qf3 Kg7 22. e5 Rxe5 23. Rae1 Qe7 24.
Rxe5 Qxe5 25. Nb5 a6 26. Nxc7 Rc8 27. Nxa6 Rc3 28. Qf2 Rxa3 29. Nb8 Rxg3 30. Nc6 Qe3 31. Qxe3 Rxe3 32. b5 Nxd5 33. Nd8 Nf6 34. Nb7 d5 35.
Nd6 Kg6 36. Nf5 Re5 37. Nd4 Re4 38. Nf3 g4 39. Nh4+ Kg7 40. Nf5+ Kh7 41. Nd6 Re6 42. Nxf7 Kg6 43. Nd8 Re2 44. Nc6 g3 45. Rd1 Nh5 46. Kf1 Rf2+ 47. Kg1 Nf4 48. Ne7+ Kg5 49. Nxd5 Rxg2+ 50. Kh1 Rh2+ 51. Kg1 Nh3+ 52. Kf1 Rf2+ 53. Ke1 g2 0-1

[Event "*** Titled Tuesday Blitz"]
[Site "Chess.com"]
[Date "2018.08.07"]
[Round "2"]
[White "51616516516"]
[Black "nitpicker"]
[Result "1-0"]
[WhiteElo "2198"]
[BlackElo "2100"]
[TimeControl "180+2"]
[EndTime "13:20:25 PDT"]
[Termination "51616516516 won by resignation"]

1. d4 Nf6 2. c4 e6 3. Nc3 Bb4 4. Qc2 c5 5. dxc5 Bxc5 6. Nf3 Qb6 7. e3 Qc7 8. Be2 a6 9. O-O Be7 10. e4 d6 11. b3 Nbd7 12. Bb2 O-O 13. Rac1 b6 14. Nd4 Bb7 15. f3 Rac8 16. Qd2 Qb8 17. Kh1 Bd8 18. Qe3 Bc7 19. f4 Nc5 20. Bf3 Rfe8 21.
Nde2 d5 22. e5 Nfe4 23. Nxe4 Nxe4 24. Bxe4 dxe4 25. Ng3 Qa8 26. Nh5 Kh8 27. Qg3 Rg8 28. f5 exf5 29. Rxf5 f6 30. Rxf6 Rce8 31. Rf7 e3 32.
Rxc7 1-0

[Event "*** Titled Tuesday Blitz"]
[Site "Chess.com"]
[Date "2018.08.07"]
[Round "2"]
[White "saraswathii"]
[Black "Tash_Boy"]
[Result "0-1"]
[WhiteElo "2294"]
[BlackElo "2582"]
[TimeControl "180+2"]
[EndTime "13:20:27 PDT"]
[Termination "Tash_Boy won by resignation"]

1. d4 Nf6 2. Bf4 b5 3. e3 a6 4. Nf3 Bb7 5. Bd3 e6 6. O-O c5 7. c4 bxc4 8. Bxc4 d5 9. Bd3 Nbd7 10. Nc3 Be7 11. Rc1 O-O 12. Ne5 Rc8 13. Qf3 cxd4 14. exd4 Qb6 15. Bg5 Rfe8 16. Qh3 Nxe5 17. dxe5 Ne4 18.
Bxe7 Rxe7 19. Nxe4 dxe4 20. Bxe4 g6 21. Rxc8+ Bxc8 22. Rc1 Bb7 23. Bxb7 Qxb7 24. b3 Rd7 25. Qe3 Qd5 26.
h4 Qd2 27. Rc8+ Kg7 28. Qc5 Kh6 29. Qf8+ Kh5 30. Qg7 Qf4 31. Qxh7+ Kg4 0-1

[Event "*** Titled Tuesday Blitz"]
[Site "Chess.com"]
[Date "2018.08.07"]
[Round "2"]
[White "pedromartinez91"]
[Black "JSMastropiero"]
[Result "1-0"]
[WhiteElo "2412"]
[BlackElo "2302"]
[TimeControl "180+2"]
[EndTime "13:20:27 PDT"]
[Termination "pedromartinez91 won by checkmate"]

1. e4 e5 2. Nf3 Nc6 3. Bb5 a6 4. Ba4 Nf6 5. O-O Be7 6. Bxc6 dxc6 7. d3 Nd7 8. Nbd2 O-O 9. Nc4 f6 10. Nh4 Nc5 11. Be3 Ne6 12. Nf5 Kh8 13. a4 a5 14.
b3 c5 15. Bd2 g6 16. Nxe7 Qxe7 17. Bxa5 Nd4 18. Bc3 Be6 19. Bxd4 cxd4 20. f4 Bxc4 21. bxc4 Ra5 22. fxe5 fxe5 23. Rb1 b6 24. Rb5 Rxa4 25.
Rxe5 Qxe5 26. Rxf8+ Kg7 27. Qf1 Ra1 28. Rf7+ Kg8 29.
Rf8+ Kg7 30. Qxa1 Kxf8 31. Qa8+ Ke7 32. Qg8 Qg5 33. Qg7+ Kd8 34. Qxd4+ Kc8 35. Qa1 Qe3+ 36. Kh1 Qe2 37. Qc1 g5 38. h3 g4 39. hxg4 Qxg4 40.
Qe1 h5 41. e5 h4 42. Qe4 Qg3 43. e6 h3 44. Qa8# 1-0

[Event "*** Titled Tuesday Blitz"]
[Site "Chess.com"]
[Date "2018.08.07"]
[Round "2"]
[White "Margency"]
[Black "advantageLucy"]
[Result "1-0"]
[WhiteElo "2710"]
[BlackElo "2487"]
[TimeControl "180+2"]
[EndTime "13:20:29 PDT"]
[Termination "Margency won by resignation"]

1. e4 e6 2. d4 d5 3. Nc3 Bb4 4. e5 c5 5. a3 Bxc3+ 6. bxc3 Qa5 7. Bd2 Qa4 8. Qb1 c4 9. Nh3 Nc6 10. Nf4 g6 11. h4 h6 12. g3 Nge7 13. Bh3 Bd7 14.
Ng2 O-O-O 15. Qc1 Qa5 16. a4 Kb8 17. Ra3 Rdg8 18. Ke2 Nf5 19. Bxf5 gxf5 20. Bxh6 f6 21. exf6 e5 22. f7 Rc8 23. dxe5 d4 24. Qf4 Ka8 25. f8=Q Rhxf8 26. Bxf8 Rxf8 27. cxd4 Qd5 28. c3 Qxg2 29. Qf3 Nxd4+ 30. cxd4 Qxf3+ 31. Rxf3 Bc6 32. Rc1 Bd5 33.
Rf4 b6 34. g4 Kb7 35. gxf5 Kc6 36. h5 1-0

[Event "*** Titled Tuesday Blitz"]
[Site "Chess.com"]
[Date "2018.08.07"]
[Round "2"]
[White "aa175"]
[Black "Marreuh"]
[Result "0-1"]
[WhiteElo "1935"]
[BlackElo "2070"]
[TimeControl "180+2"]
[EndTime "13:20:33 PDT"]
[Termination "Marreuh won by checkmate"]

1. e4 c5 2. Nf3 d6 3. d4 cxd4 4. Nxd4 Nf6 5. Nc3 a6 6. Be3 e5 7. Nb3 Be7 8. f3 Be6 9. Qd2 Nbd7 10. O-O-O O-O 11. g4 b5 12. h4 b4 13. Nd5 Bxd5 14. exd5 a5 15. Na1 Nb6 16. Bxb6 Qxb6 17. g5 Nd7 18. h5 Rac8 19. g6 h6 20. Bh3 Bg5 21.
Qxg5 hxg5 22. Bxd7 Rc7 23. gxf7+ Kxf7 24. Be6+ Ke7 25.
h6 gxh6 26. Rxh6 Qe3+ 27. Kb1 Qxf3 28. Rc1 a4 29. c3 Qd3+ 30. Nc2 b3 31. Rh3 bxc2+ 32.
Ka1 Qd1 33. Rh7+ Kd8 34. Rh1 Qd2 35. a3 e4 36. Ka2 e3 37. Rhe1 e2 38. Bg4 Rf1 39.
Rxe2 Qxc1 40. Re8+ Kxe8 41. Bh5+ Kd8 42. Bd1 cxd1=Q 43. b3 Qxb3# 0-1

[Event "*** Titled Tuesday Blitz"]
[Site "Chess.com"]
[Date "2018.08.07"]
[Round "2"]
[White "champ2005"]
[Black "Abrito99"]
[Result "1-0"]
[WhiteElo "2718"]
[BlackElo "2488"]
[TimeControl "180+2"]
[EndTime "13:20:34 PDT"]
[Termination "champ2005 won by resignation"]

1. e4 c5 2. Nf3 e6 3. b3 b6 4. Bb2 Bb7 5. Nc3 Nc6 6. d4 cxd4 7. Nxd4 a6 8. Nxc6 Bxc6 9. Bd3 Qc7 10. O-O Bd6 11. h3 Ne7 12. Ne2 O-O 13. Qd2 f5 14.
exf5 Nxf5 15. Nd4 Bf4 16. Qe2 Nxd4 17. Bxd4 e5 18. Bb2 d5 19. c4 d4 20. Be4 Rae8 21. g3 Bg5 22. Rad1 Qb7 23. Rfe1 Be3 24. Bxc6 Bxf2+ 25. Qxf2 Qxc6 26. Qg2 Rf3 27. Rf1 Ref8 28.
Rxf3 Rxf3 29. Rf1 Rxf1+ 30. Kxf1 Qe6 31. Kg1 Qf5 32. Kh2 h6 33. b4 Qd3 34. c5 bxc5 35.
bxc5 Qc4 36. c6 Kf7 37. Ba3 Ke6 38. Bf8 Kf7 39. Qf3+ Kg8 40. Bd6 Qxa2+ 41. Qg2 Qe6 42. c7 e4 43. Qc2 Qc8 44. Qxe4 1-0

[Event "*** Titled Tuesday Blitz"]
[Site "Chess.com"]
[Date "2018.08.07"]
[Round "2"]
[White "tteshan"]
[Black "Alohamora11"]
[Result "1-0"]
[WhiteElo "2021"]
[BlackElo "2200"]
[TimeControl "180+2"]
[EndTime "13:20:40 PDT"]
[Termination "tteshan won by checkmate"]

1. d4 Nf6 2. c4 c5 3. d5 e6 4. Nc3 exd5 5. cxd5 d6 6. e4 g6 7. f4 Bg7 8. Bb5+ Nfd7 9. a4 O-O 10. Nf3 Na6 11.
O-O Nb4 12. Be3 a6 13. Bc4 Re8 14. Re1 Rb8 15. Bf1 b5 16. axb5 axb5 17. Bf2 c4 18. Qd2 Na6 19. Bd4 Nac5 20. Bxg7 Kxg7 21. Nd4 b4 22.
Nc6 Qb6 23. Qd4+ Kg8 24. Nxb8 Nxb8 25. Nd1 Ba6 26. Kh1 Nbd7 27. Bxc4 Bxc4 28. Qxc4 Nf6 29. Nf2 h5 30. e5 dxe5 31. fxe5 Ng4 32. Nxg4 hxg4 33.
Rac1 Nd7 34. e6 fxe6 35. dxe6 Nf6 36. e7+ Kg7 37. Re6 Qa7 38. Rf1 Nh5 39. Rxg6+ Kxg6 40. Qf7+ Kg5 41. Rf5+ Kh4 42. Qxh5# 1-0

[Event "*** Titled Tuesday Blitz"]
[Site "Chess.com"]
[Date "2018.08.07"]
[Round "2"]
[White "OK97"]
[Black "FrenchandSlav"]
[Result "1-0"]
[WhiteElo "2739"]
[BlackElo "2281"]
[TimeControl "180+2"]
[EndTime "13:20:44 PDT"]
[Termination "OK97 won by resignation"]

1. f4 d5 2. Nf3 Nf6 3. g3 c6 4. Bg2 Qb6 5. a4 a5 6. e3 Bf5 7. O-O e6 8. d3 Bc5 9. Qe2 h6 10. Kh1 O-O 11. Nc3 Bh7 12. e4 dxe4 13. dxe4 Nbd7 14. Ne1 Bb4 15. Nd3 Nc5 16. Be3 Nfd7 17.
Rad1 Qc7 18. Nxc5 Nxc5 19. Qc4 Na6 20. Ne2 Rfd8 21. c3 Bf8 22. Nd4 Rd7 23. f5 e5 24.
Ne6 fxe6 25. Rxd7 Qxd7 26. fxe6 Qe7 27. Rf7 Qe8 28. Rxb7 Be7 29. Rb6 Nc7 30. Rxc6 Rc8 31. Rxc7 Rxc7 32. Qxc7 Qxa4 33. Qc8+ Bf8 34. e7 1-0

[Event "*** Titled Tuesday Blitz"]
[Site "Chess.com"]
[Date "2018.08.07"]
[Round "2"]
[White "PaulfromSPb"]
[Black "FairChess_on_YouTube"]
[Result "0-1"]
[WhiteElo "2567"]
[BlackElo "2966"]
[TimeControl "180+2"]
[EndTime "13:20:47 PDT"]
[Termination "FairChess_on_YouTube won by resignation"]

1. d4 Nf6 2. Bg5 e6 3. Nd2 c5 4. c3 cxd4 5. cxd4 Qa5 6. Bxf6 gxf6 7. Nf3 f5 8. e3 Nc6 9. a3 d5 10. Bd3 Bd6 11. g3 Bd7 12. b4 Qd8 13. Nb3 b6 14.
O-O a5 15. b5 Ne7 16. a4 Ng6 17. h4 Qf6 18. Nc1 Rg8 19. Kh1 f4 20. h5 e5 21. Bxg6 e4 22. Ne5 hxg6 23. exf4 Rh8 24. Kg2 Rxh5 25. Rh1 Rxh1 26. Qxh1 O-O-O 27. Nxd7 Kxd7 28.
Ne2 Rh8 29. Qd1 g5 30. fxg5 Qf3+ 31. Kf1 e3 32. Qe1 Rh2 0-1

[Event "*** Titled Tuesday Blitz"]
[Site "Chess.com"]
[Date "2018.08.07"]
[Round "2"]
[White "Vuk2000"]
[Black "GM_dmitrij"]
[Result "1-0"]
[WhiteElo "2678"]
[BlackElo "2695"]
[TimeControl "180+2"]
[EndTime "13:20:47 PDT"]
[Termination "Vuk2000 won by resignation"]

1. d4 d5 2. Bf4 Nf6 3. e3 c5 4. c3 Nc6 5. Nd2 Bf5 6. Qb3 Qd7 7. Ngf3 e6 8. Be2 c4 9. Qd1 Bd6 10. Bg3 b5 11. a3 h6 12. Ne5 Bxe5 13. dxe5 Ne4 14.
Nxe4 Bxe4 15. O-O O-O 16. f3 Bg6 17. e4 d4 18. cxd4 Nxd4 19. Bf2 Rfd8 20. Qxd4 Qxd4 21. Bxd4 Rxd4 22. Rfd1 Rad8 23. Kf2 f6 24. exf6 gxf6 25. Rxd4 Rxd4 26. a4 Be8 27. Ke3 Rd7 28. axb5 Rc7 29. Ra6 Bxb5 30. Rxe6 Kf7 31. Rd6 a5 32. Rd5 Rb7 33. Rxb5 1-0

[Event "*** Titled Tuesday Blitz"]
[Site "Chess.com"]
[Date "2018.08.07"]
[Round "2"]
[White "djano"]
[Black "Passacaglia23"]
[Result "0-1"]
[WhiteElo "2374"]
[BlackElo "2258"]
[TimeControl "180+2"]
[EndTime "13:20:48 PDT"]
[Termination "Passacaglia23 won on time"]

1. c4 c6 2. g3 d5 3. Bg2 Nf6 4. Nf3 g6 5. b3 Bg7 6. Bb2 O-O 7. O-O Re8 8. d3 Nbd7 9. Nbd2 e5 10.
cxd5 Nxd5 11. Qb1 a5 12. Nc4 Qc7 13. e4 N5b6 14. Bc3 Nxc4 15. bxc4 b5 16. cxb5 cxb5 17. Rc1 Qb6 18. d4 exd4 19. Bb2 Bb7 20. Nd2 Nc5 21.
Re1 Na4 22. Nb3 f5 23. e5 Nxb2 24. Bxb7 Qxb7 25. Qxb2 Rxe5 26. Nxd4 Rd5 27. Rad1 Rad8 28. Qb3 a4 29. Qf3 Qd7 30. Nxf5 Rxd1 31. Ne7+ Kh8 0-1

[Event "*** Titled Tuesday Blitz"]
[Site "Chess.com"]
[Date "2018.08.07"]
[Round "2"]
[White "ShadyH9"]
[Black "juniortay"]
[Result "0-1"]
[WhiteElo "2253"]
[BlackElo "2411"]
[TimeControl "180+2"]
[EndTime "13:20:53 PDT"]
[Termination "juniortay won by checkmate"]

1. d4 Nf6 2. c4 g6 3. Nc3 Bg7 4. e4 d6 5. Nf3 O-O 6. Be2 c5 7. O-O cxd4 8. Nxd4 Nc6 9. Be3 Bd7 10. f3 Nxd4 11.
Bxd4 Bc6 12. Qd2 Nd7 13. Bf2 a5 14. b3 Nc5 15. Rab1 Qb6 16. a3 Qd8 17. b4 axb4 18.
axb4 Ra3 19. bxc5 Bxc3 20. Qc1 Qa5 21. cxd6 exd6 22. Rd1 Be5 23. Bf1 Ra2 24. c5 Rxf2 25.
Kxf2 dxc5 26. Kg1 Ra8 27. Bc4 Bd4+ 28. Kh1 Qc7 29. Qg5 Kg7 30. Bd5 Bxd5 31. Qxd5 Rb8 32.
Rb5 b6 33. Rdb1 Qa7 34. e5 Qe7 35. f4 Qh4 36. g3 Qg4 37. Qd6 Qf3# 0-1

[Event "*** Titled Tuesday Blitz"]
[Site "Chess.com"]
[Date "2018.08.07"]
[Round "2"]
[White "GameOverBro"]
[Black "Orest_Vovk"]
[Result "0-1"]
[WhiteElo "2388"]
[BlackElo "2329"]
[TimeControl "180+2"]
[EndTime "13:20:53 PDT"]
[Termination "Orest_Vovk won by resignation"]

1. e4 Nc6 2. Nf3 d5 3. exd5 Qxd5 4. Nc3 Qa5 5. Bb5 Bd7 6. d3 O-O-O 7. O-O a6 8. Ba4 Qh5 9. Ne4 Nd4 10. Bxd7+ Rxd7 11. Nxd4 Qxd1 12. Rxd1 Rxd4 13. Ng5 Nh6 14. Nf3 Rd6 15. Bf4 Rb6 16. Ne5 Rxb2 17. Bxh6 gxh6 18. Nxf7 Rg8 19. Rd2 Bg7 20. d4 Kd7 21. a4 Ke6 22. Ne5 Bxe5 23. Re1 Rg5 24. f4 Rf5 25. fxe5 c6 26. g3 Ra2 27. Rb1 b5 28. axb5 axb5 29. Kg2 h5 30.
Kh3 Rf3 31. Kh4 Rc3 32. d5+ cxd5 33. Rxb5 Rcxc2 34. Rdxd5 Rxh2+ 35. Kg5 Ra4 36. Rd3 Rg4+ 37. Kh6 h4 38. Rb6+ Kf5 39. Kxh7 hxg3+ 40. Rh6 Rxh6+ 41. Kxh6 g2 0-1

[Event "*** Titled Tuesday Blitz"]
[Site "Chess.com"]
[Date "2018.08.07"]
[Round "2"]
[White "francogreek"]
[Black "GrigorGrigorov"]
[Result "1-0"]
[WhiteElo "2432"]
[BlackElo "2702"]
[TimeControl "180+2"]
[EndTime "13:21:01 PDT"]
[Termination "francogreek won by resignation"]

1. e4 e6 2. Nf3 d5 3. e5 c5 4. b4 cxb4 5. d4 Nc6 6. a3 bxa3 7. c3 Bd7 8. Bd3 b5 9. Bxb5 Nxe5 10. Nxe5 Bxb5 11.
Nxa3 Bxa3 12. Bxa3 Ne7 13. Qg4 O-O 14. h4 Qc7 15.
Rc1 Rfe8 16. h5 h6 17. Rh3 Nf5 18. Qf3 f6 19. Ng6 e5 20. Qxd5+ Qf7 21. Qxb5 Rab8 22. Qd3 exd4+ 23. Kf1 Qd7 24. cxd4 Rbd8 25. Rd1 Qa4 26.
Qb3+ Qxb3 27. Rxb3 Rxd4 28. Rxd4 Nxd4 29. Rb7 Nc2 30.
Ne7+ Kh8 31. Bc5 a5 32. Rb2 Nb4 33. Bxb4 axb4 34. Ng6+ Kg8 35. Rxb4 Ra8 36. g4 Ra5 37. Kg2 Kf7 38. Rb7+ Kg8 39. Nh4 1-0

[Event "*** Titled Tuesday Blitz"]
[Site "Chess.com"]
[Date "2018.08.07"]
[Round "2"]
[White "Mbneu"]
[Black "Adham_Fawzy"]
[Result "0-1"]
[WhiteElo "2299"]
[BlackElo "2555"]
[TimeControl "180+2"]
[EndTime "13:21:01 PDT"]
[Termination "Adham_Fawzy won by resignation"]

1. d4 Nf6 2. c4 e6 3. Nc3 Bb4 4. Bg5 d5 5. Nf3 O-O 6. e3 Nbd7 7. Bd3 c5 8. cxd5 exd5 9. O-O h6 10. Bh4 c4 11.
Bf5 Be7 12. Bxd7 Qxd7 13. Ne5 Qd8 14. f4 Bf5 15. g4 Be4 16. g5 hxg5 17. Bxg5 Bf5 18.
Qf3 Be4 19. Qh3 Nh7 20. Bxe7 Qxe7 21. Nxe4 dxe4 22. Nxc4 Rac8 23. Rac1 Nf6 24. Ne5 Rxc1 25. Rxc1 Qb4 26. Qg2 Nd5 27. Qxe4 Qd2 28. Qxd5 Qxe3+ 29. Kg2 Qd2+ 30. Kg3 Qxc1 31. f5 Qg1+ 32. Kh3 Qf1+ 33. Kg4 Qg1+ 34. Kh3 Qg5 35. Nf3 Qf4 36. Nh4 Re8 37.
Ng2 Qg5 38. Qf3 g6 39. fxg6 Qxg6 40. Nf4 Qf5+ 41. Kg3 Re4 42. d5 Qg5+ 43. Qg4 Re3+ 0-1

[Event "*** Titled Tuesday Blitz"]
[Site "Chess.com"]
[Date "2018.08.07"]
[Round "2"]
[White "evgenysharapov"]
[Black "NemtsevIgor"]
[Result "0-1"]
[WhiteElo "2329"]
[BlackElo "2392"]
[TimeControl "180+2"]
[EndTime "13:21:01 PDT"]
[Termination "NemtsevIgor won by checkmate"]

1. e4 c6 2. d4 d5 3. Nc3 h6 4.
Nf3 Nf6 5. e5 Ne4 6. Bd3 Bf5 7. O-O Nxc3 8. bxc3 Bxd3 9. Qxd3 e6 10.
Rb1 b5 11. a4 a6 12. Nd2 Be7 13. f4 g6 14. Nf3 h5 15. g3 Nd7 16. axb5 cxb5 17.
Kg2 Nb6 18. h3 Qc7 19. g4 Qc4 20. f5 Qxd3 21. cxd3 hxg4 22. hxg4 gxf5 23. gxf5 Kd7 24. f6 Rag8+ 25. Kf2 Bd8 26. Bd2 Bc7 27. Rh1 Rxh1 28. Rxh1 a5 29. Rh7 Ke8 30. Ng5 Rf8 31. Bc1 b4 32.
cxb4 axb4 33. Ke2 Na4 34. Kd2 b3 35. Ba3 Ba5+ 36. Kd1 Rg8 37. Rxf7 Rxg5 38. Re7+ Kd8 39. f7 Nc3+ 40. Kc1 Rg1+ 41. Kb2 Rb1# 0-1

[Event "*** Titled Tuesday Blitz"]
[Site "Chess.com"]
[Date "2018.08.07"]
[Round "2"]
[White "LastHeroJr"]
[Black "BilodeauA"]
[Result "0-1"]
[WhiteElo "2500"]
[BlackElo "2726"]
[TimeControl "180+2"]
[EndTime "13:21:06 PDT"]
[Termination "BilodeauA won by resignation"]

1. e4 c5 2. Nf3 Nc6 3. d4 cxd4 4. Nxd4 Nf6 5. Nc3 d6 6. Bg5 e6 7. Qd2 a6 8. O-O-O Bd7 9. f3 Be7 10. h4 Rc8 11. Kb1 b5 12. Nxc6 Bxc6 13. Bd3 O-O 14.
g4 Bb7 15. a3 Qc7 16. h5 Rfd8 17. Rhe1 Qc5 18. Be3 Qc6 19. g5 Nd7 20. g6 Ne5 21. gxf7+ Kxf7 22. Qg2 Bf6 23. Bd4 Rc7 24. f4 Nxd3 25.
Bxf6 gxf6 26. Rxd3 Rg8 27. Qh3 Qc5 28. h6 a5 29. f5 b4 30. fxe6+ Ke7 31. e5 dxe5 32.
Red1 bxc3 33. Qh5 Rg6 34. Rd7+ Rxd7 35. exd7 Kd8 36. Qxg6 hxg6 37. h7 Qf8 38. Rg1 Qh8 0-1

[Event "*** Titled Tuesday Blitz"]
[Site "Chess.com"]
[Date "2018.08.07"]
[Round "2"]
[White "dmosesov"]
[Black "JoakimVonAnd"]
[Result "1-0"]
[WhiteElo "2264"]
[BlackElo "2393"]
[TimeControl "180+2"]
[EndTime "13:21:07 PDT"]
[Termination "dmosesov won by resignation"]

1. e4 c6 2. d4 d5 3. e5 Bf5 4. Nf3 e6 5. Be2 c5 6. Be3 Nc6 7. dxc5 Nge7 8. c3 a5 9. Bb5 Ng6 10. Nbd2 Bg4 11. Bxc6+ bxc6 12. Qa4 Bxf3 13. Qxc6+ Ke7 14.
Nxf3 Rc8 15. Qd6+ Qxd6 16. exd6+ Kd7 17. b4 e5 18. h4 h5 19. g3 f6 20. Ke2 e4 21. Nd4 Ne5 22. Rab1 Nc4 23. Nb3 axb4 24. cxb4 Ra8 25. Na5 Nxa5 26. bxa5 Rxa5 27. Rb7+ Ke6 28. Rhb1 Rxa2+ 29. Kf1 Rc2 30. Rb8 Rc4 31. R1b7 d4 32. d7 Be7 33. Rxh8 dxe3 34. fxe3 Rc2 35. Re8 Rc1+ 36.
Kg2 Rd1 37. c6 Kd6 38. d8=Q+ Bxd8 39. Rxd8+ Kxc6 40. Rxd1 Kxb7 41. Rd7+ Kc6 42. Rxg7 1-0

[Event "*** Titled Tuesday Blitz"]
[Site "Chess.com"]
[Date "2018.08.07"]
[Round "2"]
[White "Gr3egor"]
[Black "nOcHeaTiNgKiD"]
[Result "1/2-1/2"]
[WhiteElo "2453"]
[BlackElo "2381"]
[TimeControl "180+2"]
[EndTime "13:21:08 PDT"]
[Termination "Game drawn by agreement"]

1. d4 Nf6 2. c4 e6 3. Nc3 Bb4 4. Qc2 d5 5. cxd5 Qxd5 6. Nf3 O-O 7. Bd2 Qh5 8. e3 Nbd7 9. Bd3 b6 10. Ne4 Bxd2+ 11.
Nexd2 c5 12. Ne4 Bb7 13. Ng3 Qd5 14. e4 Qc6 15. e5 Nd5 16. Bxh7+ Kh8 17. Be4 Qb5 18.
Bd3 Qa5+ 19. Qd2 Nb4 20. Bb1 Bxf3 21. gxf3 cxd4 22. O-O Nxe5 23. Qf4 f5 24. Rd1 g5 25. Qxd4 Rad8 26. Qxd8 Rxd8 27. Rxd8+ Kg7 28. a3 Nxf3+ 29. Kh1 Nd5 30. Bxf5 exf5 31. Nxf5+ Kf6 32. Ng3 Nf4 33. Rad1 Nh3 34. Kg2 g4 35. R1d6+ Kf7 36. R8d7+ Ke8 37. Rd8+ Kf7 1/2-1/2

[Event "*** Titled Tuesday Blitz"]
[Site "Chess.com"]
[Date "2018.08.07"]
[Round "2"]
[White "jk13"]
[Black "RitvarsReimanis"]
[Result "1-0"]
[WhiteElo "2513"]
[BlackElo "2434"]
[TimeControl "180+2"]
[EndTime "13:21:08 PDT"]
[Termination "jk13 won by resignation"]

1. e4 c5 2. c3 Nf6 3. e5 Nd5 4. Bc4 Nb6 5. Bb3 d6 6. exd6 e6 7. Nf3 Bxd6 8. O-O O-O 9. d4 Nc6 10. Be3 cxd4 11. Nxd4 Nxd4 12. Qxd4 e5 13. Qe4 Qe7 14.
Nd2 Kh8 15. f4 f5 16. Qf3 e4 17. Qf2 Qc7 18. Rad1 Bd7 19. Rfe1 Rf6 20. Nf1 Bb5 21. Ng3 Raf8 22. Kh1 Bd3 23. Ne2 Bc4 24. Nd4 Bxb3 25. axb3 Bc5 26. b4 Bxd4 27. Bxd4 Rg6 28. Be5 Qc6 29. Qd4 h6 30. b3 e3 31. Re2 Kh7 32.
c4 Nc8 33. Qxe3 b6 34. b5 Qb7 35. Qd3 Ne7 36. Qd7 Qxd7 37. Rxd7 Ng8 38. Rxa7 Rd8 39. h3 Re8 40. Rd2 Nf6 41. Rd6 Ne4 42. Rxg6 Kxg6 43. Rxg7+ Kh5 44. Kh2 Nf2 45. Rb7 Re6 46. Rc7 Ne4 47. Rc6 Re8 48. Bg7 1-0

[Event "*** Titled Tuesday Blitz"]
[Site "Chess.com"]
[Date "2018.08.07"]
[Round "2"]
[White "hsskoo"]
[Black "MikeSailer"]
[Result "1-0"]
[WhiteElo "2158"]
[BlackElo "2074"]
[TimeControl "180+2"]
[EndTime "13:21:08 PDT"]
[Termination "hsskoo won by resignation"]

1. g3 d5 2. Bg2 Nf6 3. c4 c6 4.
Nf3 Bf5 5. O-O e6 6. Nc3 Be7 7. b3 O-O 8. d3 h6 9. Bd2 Nbd7 10. d4 Ne4 11. Nxe4 Bxe4 12. Rc1 Rc8 13. Bc3 Nf6 14.
Qd2 Qb6 15. Ba5 Qa6 16. Bc3 dxc4 17. bxc4 Ba3 18. Bb2 Rfd8 19. Rfd1 c5 20. Qc3 Bxb2 21. Qxb2 cxd4 22. Nxd4 Bxg2 23. Kxg2 Rxc4 24. Nxe6 Qxe6 25. Rxd8+ Kh7 26. Rxc4 Qxc4 27. Qb1+ g6 28. Qd3 Qxa2 29.
h3 a5 30. Rb8 Qb2 31. Qd8 g5 32. Qc7 Qb3 33. Rxb7 Qd5+ 34. Kh2 Kg7 35. Ra7 Qe6 36. e3 a4 37. Rxa4 Ne4 38. Qc4 Qf5 39.
Qxe4 Qxf2+ 40. Qg2 Qxe3 41. Qb2+ 1-0

[Event "*** Titled Tuesday Blitz"]
[Site "Chess.com"]
[Date "2018.08.07"]
[Round "2"]
[White "Iball95"]
[Black "ruvat"]
[Result "1-0"]
[WhiteElo "2530"]
[BlackElo "2262"]
[TimeControl "180+2"]
[EndTime "13:21:11 PDT"]
[Termination "Iball95 won by resignation"]

1. d4 d6 2. e4 Nf6 3. Nc3 g6 4. Be3 Bg7 5. Qd2 c6 6. Bh6 Bxh6 7. Qxh6 Qa5 8. O-O-O b5 9. e5 dxe5 10.
dxe5 Ng4 11. Qg7 Rf8 12. Nf3 Nxf2 13. Bxb5 Nxd1 14. Rxd1 cxb5 15. Ng5 Bg4 16. Nxh7 Bxd1 17. Qxf8+ Kd7 18. Kxd1 b4 19. Qxf7 Qxe5 20. Nf8+ Kc7 21. Ne6+ Kb6 22. Na4+ Ka5 23. b3 Qd5+ 24. Kc1 Nc6 25.
Qxg6 Ne5 26. Qf5 Rc8 27. Nd4 e6 28. Qxe6 Rc5 29. Nxc5 Qxc5 30. Qxe5 1-0

[Event "*** Titled Tuesday Blitz"]
[Site "Chess.com"]
[Date "2018.08.07"]
[Round "2"]
[White "hypert"]
[Black "michaelk123"]
[Result "0-1"]
[WhiteElo "2332"]
[BlackElo "2383"]
[TimeControl "180+2"]
[EndTime "13:21:11 PDT"]
[Termination "michaelk123 won by resignation"]

1. Nf3 c5 2. g3 g6 3. Bg2 Bg7 4. O-O Nf6 5. d4 cxd4 6. Nxd4 Nc6 7. Nxc6 bxc6 8. c4 O-O 9. Qc2 d5 10. Rd1 Bf5 11. Qa4 Qb6 12. Nc3 d4 13. c5 Qxc5 14. Qxd4 Qxd4 15. Rxd4 Nd5 16. Rc4 Nxc3 17. bxc3 Rac8 18.
Ba3 Be6 19. Rxc6 Rxc6 20. Bxc6 Rc8 21. Bg2 Rxc3 22. Bb2 Rc2 23. Bxg7 Kxg7 24. a4 Rxe2 25. a5 Ra2 26. Rxa2 Bxa2 27. f4 Kf6 28. Kf2 Ke6 29.
Ke3 Kd6 30. Kd4 f6 31. Kc3 Kc5 32. Bf1 Bd5 33. Bd3 e5 34. fxe5 fxe5 35. h4 Bc6 36.
h5 gxh5 37. Bxh7 Kb5 38. Bg6 Bf3 39. Kd3 Kxa5 40. Ke3 e4 41. Bxe4 Bxe4 42. Kxe4 Kb4 43. Kf5 a5 44. Kg5 a4 45. Kxh5 a3 46. g4 a2 47. g5 a1=Q 48. Kg6 Qh8 49. Kf7 Qh7+ 50. Kf6 Qg8 51. g6 Kc5 52. g7 Kd4 53. Kg6 Ke5 0-1